 Dungeon Crawl Stone Soup version 0.21-a0-578-gc6e9d75 (webtiles) character file.

266 4thArraOfDagon the Skirmisher (level 6, -3/66 HPs)
             Began as an Ogre Artificer on Dec 18, 2017.
             Slain by a bullfrog zombie (7 damage)
             ... on level 7 of the Dungeon.
             The game lasted 00:04:37 (1034 turns).

4thArraOfDagon the Skirmisher (Ogre Artificer)      Turns: 1034, Time: 00:04:38

Health: -3/66      AC:  3    Str: 17    XL:     6   Next: 20%
Magic:  7/7        EV: 10    Int: 14    God:
Gold:   89         SH:  0    Dex:  9    Spells: 5/5 levels left

rFire    . . .     SeeInvis .   l - +0 mace
rCold    . . .     Gourm    .   (no shield)
rNeg     . . .     Faith    .   b - +0 robe
rPois    .         Spirit   .   (helmet restricted)
rElec    .         Reflect  .   (no cloak)
rCorr    .         Harm     .   (gloves unavailable)
MR       .....                  (boots unavailable)
Stlth    +.........             (no amulet)
HPRegen  0.21/turn              (no ring)
MPRegen  0.10/turn              (no ring)

@: no status effects
A: large, unfitting armour, tough skin 1
a: no special abilities


You were on level 7 of the Dungeon.
You were not hungry.

You visited 1 branch of the dungeon, and saw 7 of its levels.

You collected 89 gold pieces.

Inventory:

Hand Weapons
 a - a +0 short sword
 j - a +1 short sword of draining
 k - a +0 club
 l - a +0 mace (weapon)
Armour
 b - a +0 robe (worn)
Wands
 c - a wand of flame (6)
 d - a wand of enslavement (8)
 e - a wand of random effects (36)
Potions
 g - a potion of agility {unknown}
 q - a potion of haste {unknown}
Comestibles
 f - 5 rations
 p - a chunk of flesh


   Skills:
 + Level 5.2 Fighting
 - Level 0.8 Short Blades
 * Level 4.0 Maces & Flails
 - Level 1.7 Dodging
 - Level 0.6 Stealth
 - Level 2.4 Evocations


You had 5 spell levels left.
You didn't know any spells.

Dungeon Overview and Level Annotations

Branches:
Dungeon (7/15)
 Temple: D:4-7

Altars:
Trog

Annotations:
D:5 Eustachio
D:7 Shenda's ghost, novice GrFi


Innate Abilities, Weirdness & Mutations

You are too large for most types of armour.
You have tough skin. (AC +1)


Message History

You hit the bullfrog zombie but do no damage.
The bullfrog zombie is heavily damaged.
The bullfrog zombie hits you but does no damage.
The bullfrog zombie hits you!
* * * LOW HITPOINT WARNING * * *
You hit the bullfrog zombie.
The bullfrog zombie is heavily damaged.
The bullfrog zombie hits you.
* * * LOW HITPOINT WARNING * * *
You hit the bullfrog zombie.
The bullfrog zombie is severely damaged.
The bullfrog zombie closely misses you. The bullfrog zombie hits you.
* * * LOW HITPOINT WARNING * * *
You sock the bullfrog zombie!
The bullfrog zombie is almost destroyed.
The bullfrog zombie closely misses you.
You hit the bullfrog zombie.
The bullfrog zombie is almost destroyed.
The bullfrog zombie hits you!
You die...

.#. .. ###. ##..
##..... ...
##.....#
#..##.#####.##
#.##.#.....#.#
#.#.#..###..#
#.#Z#.#.#...#
#...@.#.#.#.#
#...#.#.#...# #
#...#.#..###..#.#
#.#.##.#.....#.#
#.#..##.#####.##
#.##..##.....# #.
#..###.###..#
#.........#
##.#####.##


You could see a bullfrog zombie.

Vanquished Creatures
  Blork the orc (D:4)
  A crimson imp (D:5)
  Ijyb (D:4)
  A worker ant (D:4)
  2 adders
  3 worms
  2 leopard geckos
  An orc (D:3)
  3 giant cockroaches
  A goblin (D:2)
  4 hobgoblins
  2 quokkas
  A bat (D:3)
  4 kobolds
  4 rats
31 creatures vanquished.

Vanquished Creatures (collateral kills)
  Menkaure (D:7)
1 creature vanquished.

Grand Total: 32 creatures vanquished

Notes
Turn   | Place    | Note
-------+----------+-------------------------------------------
     0 | D:1      | 4thArraOfDagon the Ogre Artificer began the quest for the Orb.
     0 | D:1      | Reached XP level 1. HP: 19/19 MP: 2/2
    20 | D:1      | Reached skill level 2 in Fighting
   191 | D:2      | Reached XP level 2. HP: 21/29 MP: 3/3
   207 | D:2      | Reached skill level 3 in Fighting
   461 | D:5      | Entered Level 5 of the Dungeon
   461 | D:5      | Noticed Eustachio
   579 | D:4      | Reached skill level 1 in Maces & Flails
   585 | D:4      | Reached XP level 3. HP: 27/37 MP: 4/4
   616 | D:4      | Noticed Ijyb
   636 | D:4      | Killed Ijyb
   636 | D:4      | Reached XP level 4. HP: 30/48 MP: 5/5
   670 | D:4      | Noticed Blork the orc
   676 | D:4      | Killed Blork the orc
   676 | D:4      | Reached skill level 4 in Fighting
   676 | D:4      | Reached XP level 5. HP: 31/55 MP: 6/6
   943 | D:7      | Noticed Shenda's ghost (novice GrFi)
   944 | D:7      | Noticed Menkaure
   945 | D:7      | Found a bloodstained altar of Trog.
   963 | D:7      | Killed Menkaure
   963 | D:7      | Reached skill level 5 in Fighting
   963 | D:7      | Reached XP level 6. HP: 17/66 MP: 7/7
  1034 | D:7      | Slain by a bullfrog zombie

Vault maps used:
D:1:      dpeg_arrival_connections
D:2:      first_ration, uniq_robin
D:3:      lemuel_round_altar
D:4:      uniq_ijyb, uniq_blork_the_orc
D:5:      minmay_temple_entry_statues, uniq_eustachio
D:6:      serial_shops, shop, basic_altar, uniq_grinder
D:7:      minmay_the_grid_octo_triangle, lemuel_doored_altar, marbit_many_paths,
          uniq_menkaure

Skill      XL: |  1  2  3  4  5  6 |
---------------+-------------------+-----
Fighting       | 2 3 4 5 |  5.2
Maces & Flails | 1 2 3 4 |  4.0
Short Blades   | |  0.8
Dodging        | |  1.7
Stealth        | |  0.6
Evocations     | |  2.4

Action                   |  1- 3 |  4- 6 || total
-------------------------+-------+-------++-------
Melee: Short sword       |    87 |    37 ||   124
       Mace              |       |    11 ||    11
Evoke: Wand              |     5 |    13 ||    18
  Use: Scroll            |     2 |     4 ||     6
       Potion            |       |     2 ||     2
 Stab: Sleeping          |     3 |     2 ||     5
  Eat: Chunk             |       |     1 ||     1
Armor: Robe              |    26 |    11 ||    37
Dodge: Dodged            |    33 |    24 ||    57

Table legend:
 A = Spawn XP
 B = Non-spawn XP
 C = Spawn XP percentage of total XP
 D = Spawn monster count
 E = Non-spawn monster count
 F = Spawn count percentage of total count
 G = Total turns spent on level
                    A         B        C        D         E        F      G
               +---------+---------+-------+---------+---------+-------+---------
         Total |       0 |     381 |   0.0 |       0 |      32 |   0.0 |  1034
               +---------+---------+-------+---------+---------+-------+---------
           D:1 |       0 |       7 |   0.0 |       0 |       5 |   0.0 |   144
           D:2 |       0 |       9 |   0.0 |       0 |       5 |   0.0 |   110
           D:3 |       0 |      22 |   0.0 |       0 |       9 |   0.0 |   267
           D:4 |       0 |     178 |   0.0 |       0 |       7 |   0.0 |   287
           D:5 |       0 |      51 |   0.0 |       0 |       2 |   0.0 |    75
           D:6 |       0 |      13 |   0.0 |       0 |       1 |   0.0 |    50
           D:7 |       0 |     101 |   0.0 |       0 |       3 |   0.0 |   101
               +---------+---------+-------+---------+---------+-------+---------
